 Dungeon Sprint DCSS version 0.29.1-12-g30fa7ad0bf (webtiles) character file.

Game seed: 11445678374310199806

305 Groucho the Covert (level 6, 0/28 HPs)
             Began as a Spriggan Enchanter on Dec 29, 2022.
             Was a Follower of Dithmenos.
             Slain by a killer bee (5 damage)
             ... in the Dungeon (Sprint IV: "Fedhas' Mad Dash").
             The game lasted 00:02:10 (147 turns).

Groucho the Covert (Spriggan Enchanter)              Turns: 147, Time: 00:02:11

Health: 0/28       AC:  2    Str:  4    XL:     6   Next: 16%
Magic:  14/17      EV: 17    Int: 17    God:    Dithmenos [*.....]
Gold:   53         SH:  0    Dex: 17    Spells: 16/19 levels left

rFire   . . .      SeeInvis +   a - +1 dagger
rCold   . . .      Faith    .   (no shield)
rNeg    . . .      Spirit   .   b - +0 robe
rPois   .          Reflect  .   (helmet restricted)
rElec   .          Harm     .   (no cloak)
rCorr   .          Rampage  .   (gloves unavailable)
Will    +....      NoTele   +   (boots unavailable)
Stlth   +++++++...              f - amulet of invisibility {+Inv}
HPRegen 0.09/turn               (no ring)
MPRegen 0.15/turn               (no ring)

@: very slightly contaminated, wreathed by umbra, invisible, very quick
A: very small, no large weapons, unfitting armour, see invisible, speed 3
a: Renounce Religion, Evoke Invisibility


You were in the Dungeon.
You worshipped Dithmenos.
Dithmenos was aware of your devotion.
You visited 1 branch You collected 53 gold pieces.

Inventory:

Hand Weapons
 a - a +1 dagger (weapon)
Armour
 b - a +0 robe (worn)
Jewellery
 f - the amulet of invisibility (around neck) {+Inv}
   (You found it in the Dungeon)

   [amulet of nothing]

   +Inv:      It lets you turn invisible.
Scrolls
 i - a scroll of blinking
 j - a scroll of fog {unknown}
Potions
 e - a potion of heal wounds
 g - 2 potions of magic
 h - a potion of berserk rage


   Skills:
 - Level 6.1 Short Blades
 - Level 2.6 Dodging
 * Level 13.3 Stealth
 - Level 7.3 Spellcasting
 - Level 7.7 Hexes
 - Level 1.7 Invocations
 * Level 0.0 Evocations


You had 16 spell levels left.
You knew the following spells:

 Your Spells              Type           Power      Damage    Failure   Level
a - Confusing Touch       Hex            32%        N/A       1%          3

Your spell library contained the following spells:

 Spells                   Type           Power      Damage    Failure   Level
 Tukima's Dance           Hex            32%        N/A       1%          3
 Ensorcelled Hibernation  Hex/Ice        38%        N/A       3%          2
 Dazzling Flash           Conj/Hex       38%        N/A       7%          3


Dungeon Overview and Level Annotations

Branches:
Dungeon (1/1)

Altars:
Cheibriados
Dithmenos
Elyvilon
Gozag
Hepliaklqana
Kikubaaqudgha
Makhleb
Nemelex Xobeh
Okawaru
Qazlal
Ru
Sif Muna
Trog
Uskayaw
Vehumet
Wu Jian
Xom
Yredelemnul
Zin
The Shining One
Jiyva
Lugonu


Innate Abilities, Weirdness & Mutations

You are very small and have problems with some larger weapons.
You are too small for most types of armour.
You have supernaturally acute eyesight. (SInv)
You cover ground extremely quickly. (Speed+++)


Message History

You fade into invisibility!
You are very lightly contaminated with residual magic.
You open the door.
An oklob sapling comes into view.
Marking area around an oklob sapling as unsafe for travelling.
Found 8 gold pieces.
Unknown command.
Found 4 gold pieces.
There is an open door here.
The helpless oklob sapling fails to defend itself.
You skewer the oklob sapling like a kebab!!!!
You destroy the oklob sapling!
Dithmenos accepts your kill.
Your Invocations skill increases to level 1!
Unknown command.
Unknown command.
Unknown command.
You open the door.
Okay, then.
There is an open door here.
A queen bee and a killer bee come into view.
A killer bee comes into view. 2 killer bees come into view.
You flicker for a moment.
The queen bee stings you!
Ouch! That really hurt!
* * * LOW HITPOINT WARNING * * *
You are lethally poisoned!
The queen bee poisons you!
The killer bee buzzes angrily. x3
Unknown command.
You are too injured to fight recklessly!
Unknown command.
You feel better. The killer bee misses you.
You fade further into invisibility.
The killer bee misses you. The killer bee barely misses you.
The killer bee misses you. The killer bee stings you.
* * * LOW HITPOINT WARNING * * *
The killer bee stings you.
You die...

####################
#<...#.....#.....#.⌠
#PP..'.....'.#.).').
#PPPP#.....#.#†..#..
###############'##..
#.yy♣........'...#._
#.y@...♣.....#$.$###
#.yy..♣..♣..######
##+####+#####


You could see a queen bee (unable to see you) and 4 killer bees.

Vanquished Creatures
  2 scorpions (D)
  4 oklob saplings (D)
  2 spriggans (D)
  A river rat (D)
  A rat (D)
10 creatures vanquished.

Vanquished Creatures (others)
  A fungus (D)
1 creature vanquished.

Grand Total: 11 creatures vanquished

Notes
Turn   | Place    | Note
-------+----------+-------------------------------------------
     0 | D        | Groucho the Spriggan Enchanter began the quest for the Orb.
     0 | D        | Reached XP level 1. HP: 9/9 MP: 5/5
    14 | D        | Reached skill level 6 in Stealth
    14 | D        | Reached XP level 2. HP: 13/13 MP: 7/7
    23 | D        | Noticed an oklob sapling
    25 | D        | Killed an oklob sapling
    26 | D        | Reached skill level 7 in Stealth
    26 | D        | Reached XP level 3. HP: 16/16 MP: 7/9
    27 | D        | Noticed a scorpion
    27 | D        | Found the amulet of invisibility {+Inv}
    29 | D        | Killed a scorpion
    30 | D        | Reached skill level 9 in Stealth
    30 | D        | Reached skill level 5 in Spellcasting
    30 | D        | Reached skill level 5 in Hexes
    30 | D        | Reached XP level 4. HP: 21/21 MP: 8/12
    34 | D        | Found an opulent altar of Gozag.
    34 | D        | Found a hazy altar of Hepliaklqana.
    34 | D        | Found a burning altar of Makhleb.
    34 | D        | Found a sparkling altar of Nemelex Xobeh.
    34 | D        | Found a snail-covered altar of Cheibriados.
    34 | D        | Found a sacrificial altar of Ru.
    34 | D        | Found a shimmering blue altar of Sif Muna.
    34 | D        | Found a shimmering altar of Xom.
    34 | D        | Found a basalt altar of Yredelemnul.
    35 | D        | Found a viscous altar of Jiyva.
    35 | D        | Found a bloodstained altar of Trog.
    35 | D        | Found an ornate altar of the Wu Jian Council.
    36 | D        | Found an iron altar of Okawaru.
    36 | D        | Found a shadowy altar of Dithmenos.
    36 | D        | Found a glowing silver altar of Zin.
    37 | D        | Found an ancient bone altar of Kikubaaqudgha.
    37 | D        | Found a hide-covered altar of Uskayaw.
    38 | D        | Found a stormy altar of Qazlal.
    38 | D        | Found a white marble altar of Elyvilon.
    38 | D        | Found a glowing golden altar of the Shining One.
    39 | D        | Found a corrupted altar of Lugonu.
    39 | D        | Found a radiant altar of Vehumet.
    43 | D        | Reached skill level 10 in Stealth
    43 | D        | Reached XP level 5. HP: 24/24 MP: 9/14
    45 | D        | Became a worshipper of Dithmenos the Shadowed
    55 | D        | Reached skill level 5 in Short Blades
    55 | D        | Reached skill level 11 in Stealth
    60 | D        | Reached * piety under Dithmenos
    61 | D        | Reached skill level 12 in Stealth
    85 | D        | Learned a level 3 spell: Confusing Touch
    96 | D        | Reached skill level 13 in Stealth
    96 | D        | Reached XP level 6. HP: 17/28 MP: 10/17
   133 | D        | Reached skill level 1 in Invocations
   139 | D        | Noticed a queen bee
   147 | D        | Slain by a killer bee

Illustrated notes

Levels and vault maps discovered:
D:        dungeon_sprint_fedhas [sprint_temple]

Skill      XL: |  1  2  3  4  5  6 |
---------------+-------------------+-----
Short Blades   | 2 3 4 6 |  6.1
Stealth        | 6 7 9 10 13 | 13.3
Spellcasting   | 3 4 5 6 7 |  7.3
Hexes          | 4 5 6 7 |  7.7
Invocations    | 1 |  1.7
Dodging        | |  2.6

Action                   |  1- 3 |  4- 6 || total
-------------------------+-------+-------++-------
Melee: Dagger            |    10 |    14 ||    24
 Cast: Confusing Touch   |       |     1 ||     1
 Abil: Evoke Invisibilit |       |     1 ||     1
  Use: Potion            |     2 |     2 ||     4
 Stab: Invisible         |     1 |       ||     1
       Sleeping          |     3 |     5 ||     8
       Confused          |       |     1 ||     1
Dodge: Dodged            |     3 |     9 ||    12
